 Dungeon Crawl Stone Soup version 0.17-a0-2127-g1cb09f6 (webtiles) character file.

249 kae the Slasher (level 5, -13/45 HPs)
             Began as a Minotaur Fighter on Oct 23, 2015.
             Was an Initiate of Makhleb.
             Mangled by Menkaure (18 damage)
             ... on level 4 of the Dungeon.
             The game lasted 00:02:42 (2977 turns).

kae the Slasher (Minotaur Fighter)                  Turns: 2977, Time: 00:02:42

Health: -13/45     AC:  6    Str: 20    XL:     5   Next: 87%
Magic:  4/4        EV:  7    Int:  6    God:    Makhleb [......]
Gold:   222        SH:  9    Dex: 10    Spells: 0 memorised, 4 levels left

rFire  . . .     SeeInvis .     a - +0 long sword
rCold  . . .     Clarity  .     b - +0 scale mail
rNeg   . . .     SustAt   .     c - +0 shield
rPois  .         Gourm    .     (helmet restricted)
rElec  .         Spirit   .     (no cloak)
rCorr  .         Warding  .     (no gloves)
rMut   .         Stasis   .     (no boots)
MR     .....                    (no amulet)
Stlth  ..........               (no ring)
                                (no ring)

@: not resistant to hostile enchantments, extremely unstealthy
A: retaliatory headbutt, horns 2
a: Renounce Religion


You were on level 4 of the Dungeon.
You worshipped Makhleb.
Makhleb was noncommittal.
You were not hungry.

You visited 1 branch of the dungeon, and saw 4 of its levels.

You collected 222 gold pieces.

Inventory:

Hand Weapons
 a - a +0 long sword (weapon)
Armour
 b - a +0 scale mail (worn)
 c - a +0 shield (worn)
Wands
 k - a wand of digging (12)
 u - a wand of magic darts (12)
Scrolls
 f - 6 scrolls of identify {unknown}
 g - 6 scrolls of remove curse {unknown}
 n - 2 scrolls of magic mapping {unknown}
 o - 2 scrolls of immolation {unknown}
 s - a scroll of enchant weapon {unknown}
 v - a scroll of fear {unknown}
Potions
 d - a potion of might
 i - a potion of magic {unknown}
 j - a potion of haste {unknown}
 l - 2 potions of flight {unknown}
 m - a potion of brilliance {unknown}
 q - a potion of heal wounds {unknown}
 r - a potion of cancellation {unknown}
Comestibles
 e - a bread ration
 h - a beef jerky
 p - a meat ration
 t - 3 chunks of flesh


   Skills:
 - Level 3.6 Fighting
 + Level 7.5 Long Blades
 - Level 3.6 Armour
 - Level 3.6 Shields


You had 4 spell levels left.
You didn't know any spells.

Dungeon Overview and Level Annotations

Branches:
Dungeon (4/15)
 Temple: D:4-7

Altars:
Fedhas
Gozag
Kikubaaqudgha
Makhleb
Trog
Vehumet

Annotations:
D:4 Menkaure


Innate Abilities, Weirdness & Mutations

You reflexively headbutt those who attack you in melee.
You have a pair of horns on your head.


Message History

You slash Menkaure!
You headbutt Menkaure, but do no damage.
Menkaure is heavily damaged.
Menkaure points at you and mumbles some strange words.
Pain shoots through your body!
You hit Menkaure.
Menkaure is severely damaged.
Menkaure calls on the powers of darkness!
Your body is wracked with pain!
You hit Menkaure but do no damage.
Menkaure is severely damaged.
Menkaure hits you!
* * * LOW HITPOINT WARNING * * *
You block Menkaure's attack.
You are too injured to fight recklessly!
You are too injured to fight recklessly!
You barely miss Menkaure. You headbutt Menkaure!
Menkaure is almost destroyed.
Menkaure hits you!!
You die...

################
#.......>.......
#.#############. #.#
###.. #.# #.... #.######
#.#.. ###.....)# #.##(
#........# #.##.
#@#####..# #.##.
#..[..M.# #..# #.###
...##########..#####....
#...<.)............
#.######...........
#..####.....
#..###.#.#..
#..)........
#..#.#.#.#..


You could see Menkaure.

Vanquished Creatures
  An orc wizard (D:4)
  2 hounds (D:4)
  Robin (D:2)
  3 gnolls (D:4)
  3 adders (D:2)
  An ooze (D:3)
  2 worms (D:3)
  2 giant geckos
  3 orcs
  5 bats
  2 bat zombies (D:3)
  2 giant cockroaches
  19 goblins
  15 hobgoblins
  4 jackals (D:1)
  8 kobolds
  3 giant newts (D:1)
  11 rats
  A rat zombie (D:3)
88 creatures vanquished.

Notes
Turn   | Place    | Note
--------------------------------------------------------------
     0 | D:1      | kae the Minotaur Fighter began the quest for the Orb.
     0 | D:1      | Reached XP level 1. HP: 19/19 MP: 0/0
   339 | D:1      | Reached XP level 2. HP: 26/26 MP: 1/1
   606 | D:1      | Reached skill level 4 in Long Blades
   755 | D:1      | Reached XP level 3. HP: 28/31 MP: 2/2
  1132 | D:2      | Noticed Robin
  1149 | D:2      | Killed Robin
  1149 | D:2      | Reached skill level 5 in Long Blades
  1629 | D:2      | Reached XP level 4. HP: 33/39 MP: 3/3
  2247 | D:3      | Found an ancient bone altar of Kikubaaqudgha.
  2332 | D:3      | Reached skill level 6 in Long Blades
  2488 | D:3      | Found a radiant altar of Vehumet.
  2489 | D:3      | Found a bloodstained altar of Trog.
  2489 | D:3      | Found an opulent altar of Gozag.
  2490 | D:3      | Found a blossoming altar of Fedhas.
  2490 | D:3      | Found a burning altar of Makhleb.
  2511 | D:3      | Became a worshipper of Makhleb the Destroyer
  2570 | D:3      | Found a faded altar to an unknown god.
  2781 | D:4      | Reached XP level 5. HP: 45/45 MP: 4/4
  2797 | D:4      | Reached skill level 7 in Long Blades
  2968 | D:4      | Noticed Menkaure
  2977 | D:4      | Mangled by Menkaure

Vault maps used:
D:1:      dpeg_chamrin_arrival_tetris
D:2:      uniq_robin
D:3:      grunt_temple_overflow_open, lemuel_zombie_altar_kikubaaqudgha,
          ecumenical_altar_2
D:4:      serial_park_tiny_2, uniq_menkaure, uniq_grinder

Action                   |  1- 3 |  4- 6 || total
-------------------------+-------+-------++-------
Melee: Long sword        |   103 |   110 ||   213
  Eat: Chunk             |     2 |     5 ||     7
